 Dungeon Crawl Stone Soup version 0.14-a0-1613-gd720e3e (webtiles) character file.

28026 Piginabag the Grappler (level 13, -12/100 HPs)
             Began as a Demonspawn Monk on Dec 24, 2013.
             Was an Elder of Ashenzari.
             Shot with a silver bolt by a yaktaur (16 damage)
             ... on Level 15 of the Dungeon on Dec 25, 2013.
             The game lasted 01:25:10 (21156 turns).

Piginabag the Grappler (Demonspawn Monk)           Turns: 21156, Time: 01:25:11

HP -12/100       AC 17     Str 17      XL: 13   Next:  2%
MP  17/17        EV  7     Int 10      God: Ashenzari [****..]
Gold 1032        SH 14     Dex 15      Spells:  0 memorised, 12 levels left

rFire  + + .     SeeInvis +       - Unarmed
rCold  . . .     Clarity  +     O - +1 chain mail {rC+}
rNeg   + . .     Conserve .     w - +1 buckler (curse)
rPois  .         rCorr    .     t - +1 wizard hat (curse)
rElec  .         rRot     .     (no cloak)
SustAb . .       Spirit   .     W - +0 pair of elf gloves
rMut   .         Warding  .     (no boots)
Saprov . . .     Stasis   .     z - cursed amulet of rage
                                C - cursed ring "Wegol" {Fire +Inv rN+ Acc+5}
                                c - cursed +0,+7 ring of slaying

@: somewhat resistant to hostile enchantments, extremely unstealthy
A: beak, molten scales 2, conserve scrolls, dopey 1, fire resistance 1, powered
by death 1, screaming 1, slow metabolism 2, evolution 1
a: Scrying, Renounce Religion, Evoke Berserk Rage, Evoke Invisibility


You were on level 15 of the Dungeon.
You worshipped Ashenzari.
Ashenzari was greatly pleased with you.
You were not hungry.

You visited 2 branches of the dungeon, and saw 16 of its levels.
You also visited: Bailey.

You collected 1056 gold pieces.
You spent 24 gold pieces at shops.

Inventory:

Hand weapons
 x - the +0,+9 flail "Strupt" {crush, +Inv rN+ Str+1}
   (You found it on level 12 of the Dungeon)

   It inflicts extra damage upon your enemies.
   It affects your strength (+1).
   It protects you from negative energy.
   It lets you turn invisible.
Missiles
 r - 35 poisoned needles
Armour
 t - a cursed +1 wizard hat (worn)
 v - a +0 orcish plate armour
 w - a cursed +1 buckler (worn)
 O - a +1 chain mail of cold resistance (worn)
 T - a +0 cloak
 W - a +0 pair of elven gloves (worn)
Magical devices
 K - a wand of confusion (2)
 R - a wand of hasting (4)
Comestibles
 a - 3 rotting chunks of griffon flesh
 b - 4 bread rations
 g - 2 honeycombs
 l - 8 chokos
 q - a lychee
 A - 2 meat rations
 Q - 5 apples
 U - a rambutan
Scrolls
 f - a scroll of holy word
 i - a scroll of acquirement {unknown}
 m - a scroll of fog
 n - a scroll of teleportation
 o - 2 scrolls of enchant weapon I
 p - 6 scrolls of identify
 s - 4 scrolls of curse weapon
 u - 2 scrolls of enchant armour
 D - a scroll of fear
 E - 3 scrolls of amnesia {unknown}
 M - 6 scrolls of curse jewellery
Jewellery
 c - a cursed +0,+7 ring of slaying (left hand)
 h - an uncursed amulet of stasis
 y - an uncursed ring of teleport control
 z - a cursed amulet of rage (around neck)
 C - the cursed ring "Wegol" (right hand) {Fire +Inv rN+ Acc+5}
   (You found it on level 7 of the Dungeon)

   [ring of fire]

   It affects your accuracy (+5).
   It protects you from negative energy.
   It lets you turn invisible.
   It has a curse placed upon it.
 H - an uncursed ring of protection from fire
 P - an uncursed ring of sustain abilities
Potions
 d - 3 potions of agility
 e - a potion of restore abilities {unknown}
 k - 3 potions of flight {unknown}
 F - 2 potions of resistance {unknown}
 G - a potion of poison {unknown}
 J - 2 potions of might
 N - a potion of degeneration {unknown}
 V - 2 potions of paralysis {unknown}
 Z - 2 potions of mutation
Books
 B - a book of Ice

   Spells                             Type                      Level
   Freezing Aura                      Charms/Ice                   2
   Ensorcelled Hibernation            Hexes/Ice                    2
   Ozocubu's Refrigeration            Ice                          6
   Bolt of Cold                       Conjuration/Ice              6
   Freezing Cloud                     Conjuration/Ice/Air          6
   Metabolic Englaciation             Hexes/Ice                    6
   Simulacrum                         Ice/Necromancy               6
 I - a book of Burglary

   Spells                             Type                      Level
   Apportation                        Translocation                1
   Swiftness                          Charms/Air                   2
   Passwall                           Transmutation/Earth          3
   Passage of Golubria                Translocation                4
   Lee's Rapid Deconstruction         Earth                        5
   Darkness                           Hexes                        7
Miscellaneous
 j - a stone of tremors
 L - a phial of floods
 X - a plain deck of changes


   Skills:
 + Level 8.9 Fighting
 + Level 9.0 Armour
 + Level 10.2 Dodging
 + Level 4.7 Stealth
 + Level 7.2(9.5) Shields
 + Level 11.2 Unarmed Combat
 + Level 2.0(4.6) Evocations


You had 12 spell levels left.
You didn't know any spells.

Dungeon Overview and Level Annotations

Branches:
Dungeon (15/16)            Temple (0/1) D:7             Orc (0/4) D:9
   Lair (1/8) D:9          Vaults (0/5) D:14

Altars:
Ashenzari
Cheibriados
Elyvilon
Yredelemnul

Shops:
D:6 ?[(   D:7 :   D:13 (   D:15 /

Portals:
Trove: D:12 (give book of the Dragon)

Annotations:
D:11 confidenceinterval's ghost, powerful MfFi
D:15 Sonja


Innate Abilities, Weirdness & Mutations

You are mostly covered in molten scales (AC +3, EV -1).
You are very good at protecting items from fire.
Your flesh is heat resistant.
You can steal the life force of nearby defeated enemies.
You have a beak for a mouth.
You are dopey. (Int -2)
You occasionally shout uncontrollably.
You need consume almost no food.
You evolve.


Message History

The yaktaur shouts!
The yaktaur shoots a silver bolt.
The silver bolt misses you.
The yaktaur wields a crossbow of velocity.
The yaktaur shoots a bolt of penetration.
The bolt of penetration pierces through you!
The yaktaur shoots a bolt.
The bolt hits you!
Things that are here:
a bolt; a bolt of penetration Drink which item? (? for menu, Esc to quit)
Okay, then.
Read which item? (? for menu, Esc to quit)
As you read the scroll of holy word, it crumbles to dust.
You speak a Word of immense power!
You are blasted by holy energy!
* * * LOW HITPOINT WARNING * * *
The yaktaur wields a crossbow.
The yaktaur shoots a bolt.
The bolt hits you!
The yaktaur shoots a bolt.
The bolt hits you!
* * * LOW HITPOINT WARNING * * *
The yaktaur shoots a silver bolt.
The silver bolt hits you! The silver sears you!
You die...

..........######......Z.#
,,,,,*
.........................#*
, *
..........................#*
, ,
...................########
* ,, ...................# ,
, ** , ...................+
,, **, ....?..............#
, ...............(.(.######
, ................@.........
,,,
........................c ,,
........#...#...........# +
, .....#..(...#...#......##
, ....#..[....#...#)....##,,
...##.<...#######...c## **
...##.(.### #.ccc#* , *
...###### ##... * , #### *,,
** , ,*


You could see 5 yaktaurs.

Vanquished Creatures
  An ogre mage (D:14)
  A centaur warrior (D:13)
  The ghost of bart the Basher, an experienced TeGl of Trog (D:11)
  The ghost of KINGBONG the Cleaver, an experienced HOBe of Trog (D:11)
  An unseen horror (D:15)
  A wolf spider zombie (D:13)
  3 hill giants
  A draconian (D:10)
  2 griffons
  4 cyclopes
  5 trolls
  A komodo dragon (D:12)
  2 hydra zombies
  A wandering mushroom (D:14)
  A wind drake (shapeshifter) (D:13)
  A hydra skeleton (D:13)
  2 two-headed ogres (D:14)
  A trapdoor spider (D:14)
  A wyvern (D:12)
  A shadow (D:14)
  A basilisk (D:13)
  The ghost of timbw the Cudgeler, an average TrWr (D:6)
  16 ugly things
  Grum (D:13)
  24 yaks
  A hill giant skeleton (D:14)
  3 hungry ghosts
  2 vampire mosquitoes (D:14)
  A hippogriff (D:11)
  4 wolves
  A soldier ant (D:12)
  2 manticores
  2 necrophages
  A mottled dragon (D:12)
  4 phantoms
  A naga (D:11)
  7 sky beasts
  6 ice beasts
  7 ogres
  A black bear (D:12)
  9 orc warriors
  5 centaurs
  Sigmund (D:5)
  A brain worm (D:14)
  A warg (D:10)
  4 big kobolds
  2 crocodiles
  A wyvern zombie (D:13)
  An agate snail (D:9)
  2 cyclops zombies
  11 giant frogs
  A komodo dragon skeleton (D:9)
  A manticore skeleton (D:7)
  A troll skeleton (D:12)
  A cyclops skeleton (D:10)
  2 eyes of draining
  A yak zombie (D:12)
  2 quasits
  A goliath beetle (D:12)
  2 yak skeletons
  2 centaur zombies
  8 orc priests
  A basilisk zombie (D:14)
  11 crimson imps
  A giant frog zombie (D:8)
  A gnoll shaman (D:5)
  2 centaur skeletons
  6 hounds
  3 jellies
  A water moccasin zombie (D:11)
  4 iguanas
  13 orc wizards
  3 scorpions
  A two-headed ogre skeleton (D:11)
  9 worker ants
  A hound skeleton (D:7)
  A mummy (D:14)
  A worker ant zombie (D:6)
  9 gnolls
  7 adders
  A giant centipede (D:8)
  2 worms
  2 giant mites
  An inept feature mimic (D:2)
  2 inept item mimics
  2 goliath beetle zombies
  2 giant eyeballs
  6 giant geckos
  2 oozes
  53 orcs
  2 ball pythons
  13 bats
  6 giant cockroaches
  18 hobgoblins
  14 jackals
  34 kobolds
  3 quokkas
  A giant gecko skeleton (D:6)
  3 giant newts
  A giant spore (D:6)
  20 goblins
  A kobold skeleton (D:4)
  3 orc skeletons
  An orc zombie (D:5)
  8 rats
  A rat skeleton (D:7)
  A rat zombie (D:7)
  11 ballistomycetes
467 creatures vanquished.

Vanquished Creatures (others)
  A crimson imp (D:8)
  A kobold (D:13)
  3 giant spores (D:9)
  A ballistomycete (D:9)
6 creatures vanquished.

Grand Total: 473 creatures vanquished

Notes
Turn   | Place    | Note
--------------------------------------------------------------
     0 | D:1      | Piginabag, the Demonspawn Monk, began the quest for the Orb.
     0 | D:1      | Reached XP level 1. HP: 18/18 MP: 1/1
   234 | D:1      | Gained mutation: You are partially covered in molten scales (AC +1). [demonic ancestry]
   234 | D:1      | Reached XP level 2. HP: 20/24 MP: 2/2
   844 | D:2      | Reached XP level 3. HP: 26/29 MP: 3/3
   954 | D:2      | Reached skill level 4 in Unarmed Combat
  1046 | D:2      | Found a white marble altar of Elyvilon.
  1235 | D:2      | Reached XP level 4. HP: 28/35 MP: 4/4
  1574 | D:3      | Reached skill level 1 in Armour
  1996 | D:3      | Reached XP level 5. HP: 19/42 MP: 5/5
  2371 | D:4      | Noticed an ogre
  2927 | D:4      | Reached XP level 6. HP: 14/48 MP: 6/6
  3397 | D:4      | Noticed an ogre
  3409 | D:5      | Entered Level 5 of the Dungeon
  3429 | D:5      | Reached skill level 1 in Shields
  3552 | D:5      | Gained mutation: You are very good at protecting items from fire. [demonic ancestry]
  3552 | D:5      | Reached XP level 7. HP: 18/54 MP: 7/7
  4218 | D:5      | Found a snail-covered altar of Cheibriados.
  4240 | D:5      | Reached skill level 5 in Dodging
  4439 | D:5      | Reached skill level 5 in Unarmed Combat
  4631 | D:5      | Gained mutation: Your flesh is heat resistant. [demonic ancestry]
  4631 | D:5      | Reached XP level 8. HP: 24/61 MP: 8/8
  5296 | D:5      | Noticed Sigmund
  5314 | D:5      | Killed Sigmund
  5704 | D:6      | Reached skill level 5 in Fighting
  5836 | D:6      | Paralysed by a giant eyeball for 3 turns
  5842 | D:6      | Paralysed by a giant eyeball for 3 turns
  5851 | D:6      | Paralysed by a giant eyeball for 3 turns
  5925 | D:6      | Found Sauluf's Armour Shoppe.
  5930 | D:6      | Found Skas Atz's Antique Weapon Shop.
  6283 | D:6      | Reached skill level 6 in Dodging
  6365 | D:6      | Gained mutation: You are mostly covered in molten scales (AC +3, EV -1). [demonic ancestry]
  6365 | D:6      | Reached XP level 9. HP: 61/68 MP: 9/9
  6403 | D:6      | Noticed timbw's ghost (average TrWr)
  6404 | D:6      | Found a shattered altar of Ashenzari.
  6422 | D:6      | Killed timbw's ghost
  6422 | D:6      | Reached skill level 5 in Armour
  6449 | D:6      | Gained mutation: You are dopey. (Int -2) [mutagenic meat]
  6450 | D:6      | Gained mutation: You occasionally shout uncontrollably. [mutagenic meat]
  6451 | D:6      | Gained mutation: You are completely covered in molten scales (AC +4, EV -1, rF+). [mutagenic meat]
  6669 | D:6      | Became a worshipper of Ashenzari the Shackled
  6669 | D:6      | Acquired Ashenzari's first power
  6799 | D:6      | Found Kaji's Magic Scroll Shoppe.
  6807 | D:6      | Bought a scroll of curse jewellery for 24 gold pieces
  6925 | D:7      | Found Toveag's Book Shop.
  6956 | D:7      | Found a shattered altar of Ashenzari.
  7388 | D:7      | Paralysed by a giant eyeball for 4 turns
  7395 | D:7      | Paralysed by a giant eyeball for 4 turns
  7445 | D:7      | Identified the ring "Wegol" {Fire +Inv rN+ Acc+5}
  7750 | D:7      | Found a staircase to the Ecumenical Temple.
  7814 | D:7      | Reached skill level 7 in Unarmed Combat
  8817 | D:8      | Gained mutation: You can steal the life force of nearby defeated enemies. [demonic ancestry]
  8817 | D:8      | Reached XP level 10. HP: 60/76 MP: 10/10
  9898 | D:10     | Entered Level 10 of the Dungeon
 10051 | D:10     | Acquired Ashenzari's second power
 10061 | D:10     | Reached skill level 1 in Evocations
 10103 | D:10     | Found a basalt altar of Yredelemnul.
 10136 | D:10     | Reached skill level 8 in Unarmed Combat
 10892 | D:11     | Noticed a cyclops
 10894 | D:11     | Noticed a hill giant
 11035 | D:9      | Found a staircase to the Orcish Mines.
 11480 | D:9      | Found a staircase to the Lair.
 11546 | Lair:1   | Entered Level 1 of the Lair of Beasts
 12122 | D:10     | Killed a hill giant
 12128 | D:10     | Lost mutation: You are completely covered in molten scales (AC +4, EV -1, rF+). [potion of mutation]
 12129 | D:10     | Gained mutation: Your flesh is cold resistant. [potion of mutation]
 12129 | D:10     | Gained mutation: You have a slow metabolism. [potion of mutation]
 12129 | D:10     | Gained mutation: You need consume almost no food. [potion of mutation]
 12306 | D:11     | Killed a cyclops
 12306 | D:11     | Reached XP level 11. HP: 37/84 MP: 13/13
 12504 | D:11     | Noticed confidenceinterval's ghost (powerful MfFi)
 12537 | D:10     | Reached skill level 9 in Unarmed Combat
 12741 | D:11     | Noticed a draconian
 12780 | D:10     | Killed a draconian
 13583 | D:11     | Noticed KINGBONG's ghost (experienced HOBe)
 13585 | D:11     | Noticed bart's ghost (experienced TeGl)
 13655 | D:13     | Reached skill level 5 in Shields
 13920 | D:13     | Noticed a centaur warrior
 14045 | D:12     | Found a portal to a secret trove of treasure.
 14245 | D:12     | Found a flagged portal.
 14348 | Bailey   | Entered a bailey
 14480 | Bailey   | Found a burning altar of Makhleb.
 14866 | D:12     | Noticed a hill giant
 14875 | D:12     | Killed a hill giant
 14967 | D:12     | Reached skill level 10 in Unarmed Combat
 15040 | D:12     | Got the flail "Strupt" {crush, +Inv rN+ Str+1}
 15112 | D:12     | Gained mutation: You evolve. [mutagenic meat]
 15143 | D:12     | Lost mutation: Your flesh is cold resistant. [mutagenic meat]
 15152 | D:12     | Gained mutation: Your body is slowly deteriorating. [mutagenic meat]
 15750 | D:13     | Gained mutation: You have a beak for a mouth. [evolution]
 15995 | D:13     | Noticed Grum
 16005 | D:13     | Reached XP level 12. HP: 82/92 MP: 1/14
 16078 | D:13     | Found Klam's Weapon Emporium.
 16085 | D:13     | Acquired Ashenzari's third power
 16273 | D:13     | HP: 5/139 [white ugly thing (23)]
 16437 | D:13     | Killed a centaur warrior
 16866 | D:13     | Noticed a hill giant
 16873 | D:13     | Killed a hill giant
 16932 | D:13     | Killed Grum
 18031 | D:14     | Lost mutation: Your body is slowly deteriorating. [evolution]
 18155 | D:14     | Noticed an ogre mage
 18229 | D:14     | Killed an ogre mage
 18238 | D:14     | Found a gate to the Vaults.
 18340 | D:14     | Reached skill level 10 in Dodging
 18721 | D:15     | Entered Level 15 of the Dungeon
 18721 | D:15     | Found Pleplept's Magical Wand Shop.
 19043 | D:11     | Killed bart's ghost
 19272 | D:11     | Killed KINGBONG's ghost
 19693 | D:14     | Reached skill level 11 in Unarmed Combat
 19768 | D:14     | Lost intelligence.
 20259 | D:15     | Noticed Sonja
 20879 | D:14     | Reached XP level 13. HP: 65/100 MP: 17/17
 21156 | D:15     | HP: 4/100 [yaktaur/ bolt (18)]
 21156 | D:15     | Shot with a silver bolt by a yaktaur

Action                   |  1- 3 |  4- 6 |  7- 9 | 10-12 | 13-15 || total
-------------------------+-------+-------+-------+-------+-------++-------
Melee: Unarmed           |   110 |   178 |   557 |  1091 |     2 ||  1938
 Abil: Evoke Berserk Rag |       |       |     5 |    21 |       ||    26
Evoke: Wand              |       |       |       |     4 |       ||     4
  Use: Scroll            |     2 |       |    18 |    18 |     1 ||    39
       Potion            |       |     1 |       |     7 |       ||     8
 Stab: Sleeping          |       |     1 |     3 |     3 |       ||     7
